[ PARTIDA AOE2 · #495679573 ]
UnrankedTupíes vs Bengalis
Equipo del jugador · DERR
Equipo rival · VICT
[ ANÁLISIS DE REPETICIÓN · EXTRAÍDO DE LA PARTIDA GRABADA ]
Feudal
10:21
Castillos
—
Imperial
—
| APM promedio | 97.6 |
| APM pico | 147 |
| eAPM promedio | 44.7 |
| Aldeanos / militares | 52 / 0 |
Foco
⚔️ 57.0% · 🌾 43.0%
Unknown (2550) ×14
Feudal
10:34
Castillos
16:03
Imperial
—
| APM promedio | 44.8 |
| APM pico | 106 |
| eAPM promedio | 19.2 |
| Aldeanos / militares | 20 / 4 |
Foco
⚔️ 28.7% · 🌾 71.3%
Monk ×2 · Mangonel ×2
Mapa de la partida
Recursos iniciales + cada clic de construcción. Líneas = muros · curvas = relieve. ◆ oro · ⬟ piedra · ● bayas · ✦ reliquia · ◌ hueco del cierre
Tu base· Abierta — flanco sin cerrar
Base de Shoskid· Abierta — hueco de 4t
Terreno inicial suavizado · ◌ = hueco del cierre detectado · pasá el cursor para detalles
Inputs por minuto
— SVTT | Альпинист - - Shoskid
Build order — SVTT | Альпинист
110 acciones detectadas en el replay
| 0:00 | Encolar | Villager (Male) |
| 0:01 | Encolar | Villager (Male) |
| 0:02 | Construir | House |
| 0:02 | Encolar | Villager (Male) |
| 0:03 | Construir | House |
| 0:06 | Encolar | Villager (Male) |
| 1:08 | Encolar | Villager (Male) |
| 1:08 | Encolar | Villager (Male) |
| 1:44 | Encolar | Villager (Male) |
| 2:19 | Encolar | Villager (Male) |
| 2:19 | Encolar | Villager (Male) |
| 2:50 | Encolar | Villager (Male) |
| 3:20 | Encolar | Villager (Male) |
| 3:20 | Encolar | Villager (Male) |
| 3:40 | Construir | Settlement |
| 4:12 | Encolar | Villager (Male) |
| 4:12 | Encolar | Villager (Male) |
| 4:28 | Encolar | Villager (Male) |
| 4:28 | Encolar | Villager (Male) |
| 4:28 | Encolar | Villager (Male) |
| 4:29 | Encolar | Villager (Male) |
| 5:14 | Construir | House |
| 5:26 | Construir | Barracks |
| 6:17 | Construir | House |
| 6:17 | Encolar | Villager (Male) |
| 6:30 | Encolar | Villager (Male) |
| 6:31 | Encolar | Villager (Male) |
| 6:32 | Investigar | Loom |
| 6:39 | Encolar | Unit 2550 |
| 6:45 | Encolar | Unit 2550 |
| 7:00 | Construir | Settlement |
| 8:11 | Investigar | Feudal Age |
| 8:11 | Investigar | Feudal Age |
| 8:57 | Encolar | Unit 2550 |
| 8:58 | Encolar | Unit 2550 |
| 9:33 | Encolar | Unit 2550 |
| 10:05 | Construir | Settlement |
| 10:21 | Edad | Edad Feudal |
| 10:26 | Construir | Watch Tower |
| 10:29 | Investigar | Tech 1402 |
| 10:29 | Encolar | Villager (Male) |
| 10:44 | Encolar | Villager (Male) |
| 11:04 | Construir | Watch Tower |
| 11:25 | Encolar | Unit 2550 |
| 11:26 | Encolar | Unit 2550 |
| 11:28 | Encolar | Villager (Male) |
| 11:28 | Encolar | Villager (Male) |
| 11:58 | Encolar | Villager (Male) |
| 11:58 | Encolar | Villager (Male) |
| 12:20 | Construir | Farm |
| 12:21 | Construir | Farm |
| 12:38 | Construir | Palisade Wall |
| 12:39 | Construir | Palisade Wall |
| 12:39 | Construir | Palisade Wall |
| 12:39 | Construir | Palisade Wall |
| 12:40 | Construir | Palisade Wall |
| 12:44 | Construir | Watch Tower |
| 12:55 | Construir | Watch Tower |
| 13:09 | Encolar | Villager (Male) |
| 13:09 | Encolar | Villager (Male) |
| 13:09 | Encolar | Villager (Male) |
| 13:42 | Construir | Watch Tower |
| 13:47 | Construir | Gate |
| 13:53 | Construir | Watch Tower |
| 13:53 | Encolar | Villager (Male) |
| 13:54 | Encolar | Villager (Male) |
| 14:06 | Encolar | Unit 2550 |
| 14:52 | Encolar | Villager (Male) |
| 14:53 | Encolar | Unit 2550 |
| 15:14 | Encolar | Villager (Male) |
| 15:14 | Encolar | Villager (Male) |
| 15:15 | Encolar | Villager (Male) |
| 15:15 | Encolar | Villager (Male) |
| 15:30 | Construir | Watch Tower |
| 15:34 | Construir | Stone Wall |
| 15:36 | Construir | Stone Wall |
| 15:39 | Construir | Stone Wall |
| 15:43 | Construir | Stone Wall |
| 15:45 | Construir | Stone Wall |
| 15:49 | Construir | Stone Wall |
| 15:50 | Construir | Stone Wall |
| 15:54 | Encolar | Unit 2550 |
| 15:54 | Encolar | Unit 2550 |
| 16:03 | Construir | Farm |
| 16:03 | Construir | Farm |
| 16:03 | Construir | Farm |
| 16:20 | Encolar | Villager (Male) |
| 16:20 | Encolar | Villager (Male) |
| 16:28 | Construir | Watch Tower |
| 16:50 | Encolar | Unit 2550 |
| 16:50 | Encolar | Unit 2550 |
| 16:55 | Encolar | Villager (Male) |
| 16:55 | Encolar | Villager (Male) |
| 17:07 | Encolar | Villager (Male) |
| 17:20 | Construir | House |
| 17:35 | Encolar | Villager (Male) |
| 18:17 | Encolar | Unit 2550 |
| 18:34 | Encolar | Villager (Male) |
| 18:34 | Encolar | Villager (Male) |
| 18:58 | Construir | Watch Tower |
| 18:58 | Encolar | Villager (Male) |
| 18:58 | Encolar | Villager (Male) |
| 18:59 | Encolar | Villager (Male) |
| 19:01 | Encolar | Villager (Male) |
| 19:01 | Encolar | Villager (Male) |
| 19:25 | Construir | Watch Tower |
| 19:26 | Encolar | Villager (Male) |
| 19:31 | Construir | Farm |
| 19:37 | Encolar | Villager (Male) |
| 19:41 | Construir | Blacksmith |
Build order — Shoskid
68 acciones detectadas en el replay
| 0:00 | Encolar | Villager (Male) |
| 0:01 | Encolar | Villager (Male) |
| 0:01 | Encolar | Villager (Male) |
| 0:02 | Construir | House |
| 0:03 | Construir | House |
| 0:39 | Encolar | Villager (Male) |
| 1:35 | Encolar | Villager (Male) |
| 1:54 | Encolar | Villager (Male) |
| 1:58 | Construir | Lumber Camp |
| 2:22 | Encolar | Villager (Male) |
| 2:43 | Construir | House |
| 3:01 | Encolar | Villager (Male) |
| 3:02 | Encolar | Villager (Male) |
| 3:24 | Construir | House |
| 3:26 | Encolar | Villager (Male) |
| 3:54 | Encolar | Villager (Male) |
| 3:58 | Construir | Palisade Wall |
| 4:01 | Construir | Palisade Wall |
| 4:02 | Construir | Palisade Wall |
| 4:02 | Construir | Palisade Wall |
| 4:29 | Encolar | Villager (Male) |
| 4:29 | Encolar | Villager (Male) |
| 4:59 | Construir | Mill |
| 5:21 | Encolar | Villager (Male) |
| 5:21 | Encolar | Villager (Male) |
| 5:21 | Encolar | Villager (Male) |
| 5:36 | Encolar | Villager (Male) |
| 6:06 | Encolar | Villager (Male) |
| 6:06 | Encolar | Villager (Male) |
| 6:08 | Investigar | Loom |
| 6:15 | Construir | Mill |
| 6:32 | Construir | Palisade Wall |
| 6:34 | Construir | Palisade Wall |
| 6:34 | Construir | Palisade Wall |
| 6:35 | Construir | Palisade Wall |
| 6:36 | Construir | Palisade Wall |
| 6:36 | Construir | Palisade Wall |
| 6:37 | Construir | Palisade Wall |
| 7:13 | Construir | Mining Camp |
| 7:21 | Construir | Palisade Wall |
| 7:22 | Construir | Palisade Wall |
| 7:26 | Construir | Palisade Wall |
| 7:55 | Construir | Palisade Wall |
| 7:57 | Construir | Palisade Wall |
| 7:59 | Construir | Palisade Wall |
| 7:59 | Construir | Palisade Wall |
| 8:01 | Construir | Palisade Wall |
| 8:01 | Construir | Palisade Wall |
| 8:20 | Construir | Palisade Wall |
| 8:24 | Investigar | Feudal Age |
| 8:57 | Construir | Palisade Wall |
| 8:58 | Construir | Palisade Wall |
| 9:00 | Construir | Palisade Wall |
| 10:34 | Edad | Edad Feudal |
| 10:51 | Construir | Market |
| 11:30 | Construir | Blacksmith |
| 12:10 | Construir | Watch Tower |
| 13:23 | Investigar | Castle Age |
| 14:32 | Construir | House |
| 16:03 | Edad | Edad de los Castillos |
| 16:20 | Construir | Siege Workshop |
| 16:53 | Construir | Monastery |
| 16:58 | Encolar | Mangonel |
| 17:25 | Encolar | Monk |
| 18:58 | Encolar | Monk |
| 19:11 | Encolar | Mangonel |
| 19:27 | Encolar | Villager (Male) |
| 19:40 | Construir | Mining Camp |
Cronología de la partida
| 3:58 | Shoskid · wall_segment Palisade Wall x3 |
| 4:01 | Shoskid · wall_segment Palisade Wall x1 |
| 4:02 | Shoskid · wall_segment Palisade Wall x1 |
| 4:02 | Shoskid · wall_segment Palisade Wall x1 |
| 5:26 | SVTT | Альпинист · first_building Barracks |
| 6:32 | Shoskid · wall_segment Palisade Wall x1 |
| 6:34 | Shoskid · wall_segment Palisade Wall x1 |
| 6:34 | Shoskid · wall_segment Palisade Wall x1 |
| 6:35 | Shoskid · wall_segment Palisade Wall x1 |
| 6:36 | Shoskid · wall_segment Palisade Wall x1 |
| 6:36 | Shoskid · wall_segment Palisade Wall x1 |
| 6:37 | Shoskid · wall_segment Palisade Wall x1 |
| 7:21 | Shoskid · wall_segment Palisade Wall x1 |
| 7:22 | Shoskid · wall_segment Palisade Wall x1 |
| 7:26 | Shoskid · wall_segment Palisade Wall x6 |
| 7:55 | Shoskid · wall_segment Palisade Wall x1 |
| 7:57 | Shoskid · wall_segment Palisade Wall x1 |
| 7:59 | Shoskid · wall_segment Palisade Wall x1 |
| 7:59 | Shoskid · wall_segment Palisade Wall x2 |
| 8:01 | Shoskid · wall_segment Palisade Wall x1 |
| 8:01 | Shoskid · wall_segment Palisade Wall x1 |
| 8:20 | Shoskid · wall_segment Palisade Wall x6 |
| 8:57 | Shoskid · wall_segment Palisade Wall x1 |
| 8:58 | Shoskid · wall_segment Palisade Wall x1 |
| 9:00 | Shoskid · wall_segment Palisade Wall x1 |
| 10:21 | SVTT | Альпинист · age_up feudal |
| 10:34 | Shoskid · age_up feudal |
| 12:17 | Shoskid · first_market_buy 100 food |
| 12:21 | Shoskid · first_market_sell 100 wood |
| 12:38 | SVTT | Альпинист · wall_segment Palisade Wall x1 |
| 12:39 | SVTT | Альпинист · wall_segment Palisade Wall x2 |
| 12:39 | SVTT | Альпинист · wall_segment Palisade Wall x2 |
| 12:39 | SVTT | Альпинист · wall_segment Palisade Wall x2 |
| 12:40 | SVTT | Альпинист · wall_segment Palisade Wall x1 |
| 15:34 | SVTT | Альпинист · wall_segment Stone Wall x1 |
| 15:36 | SVTT | Альпинист · wall_segment Stone Wall x1 |
| 15:39 | SVTT | Альпинист · wall_segment Stone Wall x1 |
| 15:43 | SVTT | Альпинист · wall_segment Stone Wall x1 |
| 15:45 | SVTT | Альпинист · wall_segment Stone Wall x1 |
| 15:49 | SVTT | Альпинист · wall_segment Stone Wall x1 |
| 15:50 | SVTT | Альпинист · wall_segment Stone Wall x1 |
| 16:03 | Shoskid · age_up castle |
| 16:20 | Shoskid · first_building Siege Workshop |
| 16:53 | Shoskid · first_building Monastery |
| 20:50 | SVTT | Альпинист · resign |
[ ANÁLISIS IA · 1 CRÉDITO ]
¿Qué pasó realmente en esta partida?
Wolo.gg analiza cada decisión: build order, eco, micro, errores típicos por bracket. Análisis personalizado por WhatsApp o Discord en 30 segundos.
Guía civ
Tupíes
Perfil
Jugador #6375678